Tampa Bay Lightning vs Arizona Coyotes
Created - Sunday, December 8, 2024 at 07:52
Goals
|
| Tampa Bay Lightning |
0 |
3 |
0 |
0 |
1 |
3 |
| Arizona Coyotes |
0 |
3 |
0 |
0 |
2 |
4 |
|
Shots
|
| Tampa Bay Lightning |
8 |
22 |
14 |
0 |
3 |
44 |
| Arizona Coyotes |
3 |
17 |
9 |
3 |
3 |
32 |
|
1st period
No Goal
Penalties :
Jayden Struble (AZC) for Tripping (Minor) at 7:39, Jeremy Swayman (TBL) for Slashing (Minor) at 7:51 - Moritz Seider served the penalty, Jayden Struble (AZC) for Holding (Minor) at 10:52, Ryan Donato (AZC) for Roughing (Minor) at 14:01
2nd period
1. Arizona Coyotes , Tyler Seguin 34 (Zach Parise 13) at 5:36
2. Tampa Bay Lightning , Johnny Gaudreau 24 (Roope Hintz 38, Moritz Seider 16) at 6:06
3. Arizona Coyotes , Mats Zuccarello 36 (Mason McTavish 37, Charlie Coyle 43) at 7:45
4. Arizona Coyotes , Mark Jankowski 11 (Jakob Silfverberg 9, Ross Colton 21) at 9:40
5. Tampa Bay Lightning , Johnny Gaudreau 25 (Moritz Seider 17, Hampus Lindholm 18) at 12:48
6. Tampa Bay Lightning , Michael Matheson 8 (Anze Kopitar 60, Kirill Kaprizov 47) at 15:22 (PP)
Penalties :
Mats Zuccarello (AZC) for Roughing (Minor) at 0:22, Matt Dumba (AZC) for Cross-checking (Minor) at 13:26
3rd period
No Goal
Penalties :
Radko Gudas (AZC) for Interference (Minor) at 0:15, Radko Gudas (AZC) for Holding (Minor) at 2:44, Brayden McNabb (AZC) for Fighting (Major) at 16:00, Hampus Lindholm (TBL) for Fighting (Major) at 16:00
Overtime #1
No Goal
Penalties :
No Penalty
Shootout
Tampa Bay Lightning, Trevor Moore - Stopped by Petr Mrazek
Arizona Coyotes, Charlie Coyle - Stopped by Jeremy Swayman
Tampa Bay Lightning, Gustav Nyquist - Shot Misses the Net
Arizona Coyotes, Tyler Seguin - Goal!
Tampa Bay Lightning, Alexander Kerfoot - Goal!
Arizona Coyotes, Mats Zuccarello - Goal!
Penalties :
No Penalty
Goalie Stats
Jeremy Swayman (TBL), 29 saves from 32 shots - (0.906), OTL, 36-19-11, 65:00 minutes
Petr Mrazek (AZC), 41 saves from 44 shots - (0.932), W, 32-30-6, 65:00 minutes
Players Stats for Tampa Bay Lightning
Player Name G A P +/- PIM S H SB GA TA FO MP PP MP PK MP
------------------------------------------------------------------------------------
Alexander Kerfoot 0 0 0 -1 0 2 1 0 0 1 2/4 7:51 0:00 0:00
Anze Kopitar 0 1 1 -2 0 11 1 1 2 1 14/28 24:06 6:01 0:00
Brent Burns 0 0 0 0 0 0 0 1 0 1 0/0 20:37 5:03 0:00
Darnell Nurse 0 0 0 -2 0 0 0 1 0 1 0/0 22:17 5:03 0:00
Dylan Cozens 0 0 0 0 0 2 1 0 1 0 0/4 14:39 0:00 0:10
Gustav Nyquist 0 0 0 -1 0 2 1 0 0 0 0/2 13:44 6:02 0:00
Hampus Lindholm 0 1 1 1 5 0 0 1 0 0 0/0 18:56 0:00 0:12
Jack Roslovic 0 0 0 -1 0 2 1 0 1 0 0/0 7:35 0:00 0:00
Jason Dickinson 0 0 0 0 0 1 1 0 0 0 3/6 11:45 0:00 0:02
Johnny Gaudreau 2 0 2 2 0 4 0 1 0 0 0/0 17:39 6:02 0:00
Jonathan Huberdeau 0 0 0 -2 0 1 0 0 2 0 1/4 14:38 0:00 0:00
Kirill Kaprizov 0 1 1 -2 0 3 1 0 1 0 0/0 23:56 6:01 0:00
Michael Matheson 1 0 1 -2 0 4 0 7 1 0 0/0 27:39 7:00 0:00
Moritz Seider 0 2 2 1 0 1 2 2 0 1 0/0 27:05 7:00 0:00
Roope Hintz 0 1 1 2 0 4 1 0 0 1 7/19 17:36 6:02 0:00
TJ Brodie 0 0 0 0 0 0 3 0 0 0 0/0 13:47 0:00 0:12
Travis Konecny 0 0 0 2 0 4 2 1 1 2 0/2 22:21 6:01 0:10
Trevor Moore 0 0 0 0 0 3 0 0 0 0 0/0 11:54 0:00 0:02
Players Stats for Arizona Coyotes
Player Name G A P +/- PIM S H SB GA TA FO MP PP MP PK MP
------------------------------------------------------------------------------------
Brandon Tanev 0 0 0 0 0 0 1 0 0 0 0/0 11:26 0:11 0:24
Brayden McNabb 0 0 0 1 5 0 0 0 0 0 0/0 15:09 0:03 0:00
Charlie Coyle 0 1 1 0 0 3 3 0 0 0 17/27 22:58 0:00 6:01
Erik Haula 0 0 0 0 0 4 1 2 0 1 8/17 13:45 0:11 0:00
Jakob Silfverberg 0 1 1 1 0 1 0 0 0 0 0/0 9:23 0:00 1:12
Jani Hakanpaa 0 0 0 0 0 0 0 4 0 2 0/0 27:42 0:08 6:15
Jayden Struble 0 0 0 0 4 0 1 0 0 0 0/0 14:07 0:01 2:06
Johnathan Kovacevic 0 0 0 0 0 0 1 2 0 1 0/0 22:29 0:01 6:10
Mark Jankowski 1 0 1 1 0 3 1 0 0 0 1/1 6:18 0:00 0:00
Mason McTavish 0 1 1 0 0 3 1 2 1 2 1/3 23:43 0:09 5:15
Mats Zuccarello 1 0 1 0 2 3 2 3 2 0 5/7 23:19 0:01 4:41
Matt Dumba 0 0 0 1 2 2 0 3 1 0 0/0 24:39 0:04 5:15
Ondrej Palat 0 0 0 1 0 1 1 0 0 0 0/0 6:18 0:00 0:00
Radko Gudas 0 0 0 0 4 2 4 1 0 1 0/0 26:24 0:08 4:20
Ross Colton 0 1 1 0 0 3 3 0 1 0 9/13 10:22 0:03 0:00
Ryan Donato 0 0 0 0 2 1 1 1 1 1 0/0 12:23 0:00 0:33
Tyler Seguin 1 0 1 0 0 5 0 0 1 1 1/1 22:12 0:00 6:00
Zach Parise 0 1 1 0 0 1 1 0 1 0 0/0 13:30 0:00 0:00
3 Stars
1 - Johnny Gaudreau (TBL)
2 - Petr Mrazek (AZC)
3 - Moritz Seider (TBL)
Power Play
Tampa Bay Lightning - 1 on 7 Attempt(s) - 14.29%
Arizona Coyotes - 0 on 1 Attempt(s) - 0.00%
Penalty Kill
Tampa Bay Lightning - 1 on 1 Attempt(s) - 100.00%
- Score 0 goal in Penalty Kill
Arizona Coyotes - 6 on 7 Attempt(s) - 85.71%
- Score 0 goal in Penalty Kill
Team Stat
Tampa Bay Lightning - Hits : 15 - Faceoff Wins : 27 - Blocked Shots : 15 - Penalty Minutes : 7
Arizona Coyotes - Hits : 21 - Faceoff Wins : 42 - Blocked Shots : 18 - Penalty Minutes : 19
Official
Referees : Jake Brenk and Eric Furlatt
Linesman : Jonathan Deschamps and Julien Fournier
Game Notes
Brayden McNabb and Hampus Lindholm fight to a draw at 16:00 of 3rd period
Finance
Level 1 -- Attendance: 5426 (90.43%) -- Ticket Income $499,192
Level 2 -- Attendance: 4469 (89.38%) -- Ticket Income $223,450
Level 3 -- Attendance: 3000 (100.00%) -- Ticket Income $84,000
Level 4 -- Attendance: 5000 (100.00%) -- Ticket Income $90,000
Luxury Box -- Attendance: 884 (88.40%) -- Ticket Income $167,960
Game was played at the Gila River Arena.
Total Attendance: 18779 (93.90%)
Total Ticket Income: $1,064,602
Other Income: $372,611
Total Income: $1,437,213
Tampa Bay Lightning
5 vs 5 Forward
Center Left Wing Right Wing Time % Phy DF OF
1 Anze Kopitar Kirill Kaprizov Jonathan Huberdeau 40 0 2 3
2 Roope Hintz Johnny Gaudreau Travis Konecny 38 0 3 2
3 Jason Dickinson Dylan Cozens Trevor Moore 12 0 2 3
4 Alexander Kerfoot Jack Roslovic Gustav Nyquist 10 0 2 3
5 vs 5 Defense
Defense Defense Time % Phy DF OF
1 Moritz Seider Hampus Lindholm 40 1 2 2
2 Michael Matheson Darnell Nurse 35 1 2 2
3 Brent Burns TJ Brodie 25 1 2 2
4 Michael Matheson Brent Burns 0 1 2 2
PowerPlay Forward
Center Left Wing Right Wing Time % Phy DF OF
1 Roope Hintz Johnny Gaudreau Gustav Nyquist 50 1 2 2
2 Anze Kopitar Kirill Kaprizov Travis Konecny 50 1 2 2
PowerPlay Defense
Defense Defense Time % Phy DF OF
1 Michael Matheson Moritz Seider 50 1 2 2
2 Darnell Nurse Brent Burns 50 1 2 2
Penalty Kill 4 Players Forward
Center Wing Time % Phy DF OF
1 Jason Dickinson Trevor Moore 50 1 2 2
2 Dylan Cozens Alexander Kerfoot 50 1 2 2
Penalty Kill 4 Players Defense
Defense Defense Time % Phy DF OF
1 Moritz Seider Brent Burns 50 1 2 2
2 Michael Matheson Hampus Lindholm 50 1 2 2
Penalty Kill - 3 Players Forward
Forward Time % Phy DF OF
1 Anze Kopitar 50 1 2 2
2 Jason Dickinson 50 1 2 2
Penalty Kill - 3 Players Defense
Defense Defense Time % Phy DF OF
1 Michael Matheson Darnell Nurse 50 1 2 2
2 Moritz Seider Brent Burns 50 1 2 2
4 vs 4 Forward
Center Wing Time % Phy DF OF
1 Anze Kopitar Kirill Kaprizov 50 1 2 2
2 Dylan Cozens Travis Konecny 50 1 2 2
4 vs 4 Defense
Defense Defense Time % Phy DF OF
1 Michael Matheson Brent Burns 50 1 2 2
2 Moritz Seider Hampus Lindholm 50 1 2 2
Last Minutes Offensive
Center Left Wing Right Wing Defense Defense
Anze Kopitar Kirill Kaprizov Travis Konecny Michael Matheson Moritz Seider
Last Minutes Defensive
Center Left Wing Right Wing Defense Defense
Anze Kopitar Jason Dickinson Alexander Kerfoot Moritz Seider Michael Matheson
Goaltenders
Starting : Jeremy Swayman
Backup : Darcy Kuemper
Extra Forwards
Normal : Travis Konecny, Anze Kopitar, Trevor Moore - PP : Jonathan Huberdeau, Trevor Moore - PK : Anze Kopitar
Extra Defensemen
Normal : Brent Burns, Michael Matheson, Moritz Seider - PP : Hampus Lindholm - PK : Darnell Nurse, Michael Matheson
Penalty Shots
Trevor Moore, Gustav Nyquist, Alexander Kerfoot, Anze Kopitar, Jonathan Huberdeau
Scratches
None
Arizona Coyotes
5 vs 5 Forward
Center Left Wing Right Wing Time % Phy DF OF
1 Charlie Coyle Mason McTavish Mats Zuccarello 35 1 2 2
2 Erik Haula Zach Parise Tyler Seguin 35 1 2 2
3 Ross Colton Brandon Tanev Ryan Donato 20 1 2 2
4 Mark Jankowski Jakob Silfverberg Ondrej Palat 10 1 2 2
5 vs 5 Defense
Defense Defense Time % Phy DF OF
1 Radko Gudas Jani Hakanpaa 40 1 2 2
2 Brayden McNabb Matt Dumba 35 1 2 2
3 Johnathan Kovacevic Jayden Struble 25 1 2 2
4 Radko Gudas Jani Hakanpaa 0 1 2 2
PowerPlay Forward
Center Left Wing Right Wing Time % Phy DF OF
1 Charlie Coyle Mats Zuccarello Tyler Seguin 50 1 2 2
2 Mason McTavish Erik Haula Brandon Tanev 50 1 2 2
PowerPlay Defense
Defense Defense Time % Phy DF OF
1 Radko Gudas Jani Hakanpaa 60 1 2 2
2 Matt Dumba Brayden McNabb 40 1 2 2
Penalty Kill 4 Players Forward
Center Wing Time % Phy DF OF
1 Charlie Coyle Tyler Seguin 50 1 3 1
2 Mats Zuccarello Mason McTavish 50 1 3 1
Penalty Kill 4 Players Defense
Defense Defense Time % Phy DF OF
1 Radko Gudas Jani Hakanpaa 50 1 3 1
2 Johnathan Kovacevic Matt Dumba 50 1 3 1
Penalty Kill - 3 Players Forward
Forward Time % Phy DF OF
1 Charlie Coyle 50 1 3 1
2 Tyler Seguin 50 1 3 1
Penalty Kill - 3 Players Defense
Defense Defense Time % Phy DF OF
1 Radko Gudas Jani Hakanpaa 50 1 3 1
2 Johnathan Kovacevic Jayden Struble 50 1 3 1
4 vs 4 Forward
Center Wing Time % Phy DF OF
1 Charlie Coyle Tyler Seguin 50 1 2 2
2 Mats Zuccarello Mason McTavish 50 1 2 2
4 vs 4 Defense
Defense Defense Time % Phy DF OF
1 Radko Gudas Jani Hakanpaa 50 1 3 1
2 Matt Dumba Johnathan Kovacevic 50 1 3 1
Last Minutes Offensive
Center Left Wing Right Wing Defense Defense
Charlie Coyle Mats Zuccarello Tyler Seguin Radko Gudas Jani Hakanpaa
Last Minutes Defensive
Center Left Wing Right Wing Defense Defense
Charlie Coyle Mats Zuccarello Tyler Seguin Radko Gudas Jani Hakanpaa
Goaltenders
Starting : Petr Mrazek
Backup : Carter Hart
Extra Forwards
Normal : Ross Colton, Ryan Donato, Jakob Silfverberg - PP : Ross Colton, Ryan Donato - PK : Jakob Silfverberg
Extra Defensemen
Normal : Matt Dumba, Johnathan Kovacevic, Radko Gudas - PP : Matt Dumba - PK : Johnathan Kovacevic, Radko Gudas
Penalty Shots
Charlie Coyle, Tyler Seguin, Mats Zuccarello, Mason McTavish, Erik Haula
Scratches
Jared Spurgeon (Healthy), Anthony Deangelo (Healthy), Scott Reedy (Healthy), Elvis Merzlikins (Healthy)
% Time on Ice - Tampa Bay Lightning
Lines # - Real PCT - Wanted PCT - Time Play
Normal Forward
1 - 33% - 40% - 15:10
2 - 27% - 38% - 12:33
3 - 23% - 12% - 10:40
4 - 16% - 10% - 7:35
Normal Defense
1 - 41% - 40% - 18:51
2 - 37% - 35% - 17:03
3 - 22% - 25% - 10:04
4 - 0% - 0% - 0:00
PP Forward
1 - 50% - 50% - 6:02
2 - 50% - 50% - 6:01
PP Defense
1 - 58% - 50% - 7:00
2 - 42% - 50% - 5:03
PK Forward
1 - 17% - 50% - 0:02
2 - 83% - 50% - 0:10
PK Defense
1 - 0% - 50% - 0:00
2 - 100% - 50% - 0:12
PK3 Forward
1 - 0% - 50%
2 - 0% - 50%
PK3 Defense
1 - 0% - 50%
2 - 0% - 50%
44 Forward
1 - 47% - 50% - 3:11
2 - 53% - 50% - 3:36
44 Defense
1 - 47% - 50% - 3:12
2 - 53% - 50% - 3:35
Last Minute Offensive - 0:00
Last Minute Defensive - 0:00
Total
Forward - 65:00
Defense - 65:00
|
% Time on Ice - Arizona Coyotes
Lines # - Real PCT - Wanted PCT - Time Play
Normal Forward
1 - 35% - 35% - 16:06
2 - 30% - 35% - 14:00
3 - 21% - 20% - 9:34
4 - 14% - 10% - 6:18
Normal Defense
1 - 40% - 40% - 18:35
2 - 36% - 35% - 16:26
3 - 24% - 25% - 10:57
4 - 0% - 0% - 0:00
PP Forward
1 - 0% - 50% - 0:00
2 - 100% - 50% - 0:12
PP Defense
1 - 67% - 60% - 0:08
2 - 33% - 40% - 0:04
PK Forward
1 - 51% - 50% - 6:12
2 - 49% - 50% - 5:51
PK Defense
1 - 54% - 50% - 6:27
2 - 46% - 50% - 5:36
PK3 Forward
1 - 0% - 50%
2 - 0% - 50%
PK3 Defense
1 - 0% - 50%
2 - 0% - 50%
44 Forward
1 - 47% - 50% - 3:12
2 - 53% - 50% - 3:35
44 Defense
1 - 50% - 50% - 3:23
2 - 50% - 50% - 3:24
Last Minute Offensive - 0:00
Last Minute Defensive - 0:00
Total
Forward - 65:00
Defense - 65:00
|
Play-by-Play
1st period
0:01 of 1st period - Mason McTavish wins face-off versus Anze Kopitar in neutral zone.
0:20 of 1st period - Jonathan Huberdeau is hit by Radko Gudas and loses puck.
0:41 of 1st period - Slapshot by Trevor Moore.
0:41 of 1st period - Deflect By Radko Gudas.
0:41 of 1st period - Stopped by Petr Mrazek without a rebound.
0:42 of 1st period - Roope Hintz wins face-off versus Erik Haula in Arizona Coyotes zone.
0:43 of 1st period - Snap shot by Johnny Gaudreau.
0:43 of 1st period - Deflect By Roope Hintz.
0:43 of 1st period - Stopped by Petr Mrazek with a rebound.
1:36 of 1st period - Snap shot by Mark Jankowski.
1:36 of 1st period - Shot Misses the Net.
1:38 of 1st period - Wrist shot by Jakob Silfverberg.
1:38 of 1st period - Shot Blocked by Anze Kopitar.
1:40 of 1st period - Snap shot by Mark Jankowski.
1:40 of 1st period - Stopped by Jeremy Swayman without a rebound.
1:41 of 1st period - Erik Haula wins face-off versus Roope Hintz in Tampa Bay Lightning zone.
1:56 of 1st period - Slapshot by Erik Haula.
1:56 of 1st period - Shot Blocked by Moritz Seider.
3:28 of 1st period - Snap shot by Travis Konecny.
3:28 of 1st period - Deflect By Erik Haula.
3:28 of 1st period - Shot Misses the Net.
3:28 of 1st period - Puck is out of play.
3:29 of 1st period - Jonathan Huberdeau wins face-off versus Charlie Coyle in Arizona Coyotes zone.
3:30 of 1st period - Backhand shot by Anze Kopitar.
3:30 of 1st period - Stopped by Petr Mrazek without a rebound.
3:31 of 1st period - Anze Kopitar wins face-off versus Charlie Coyle in Arizona Coyotes zone.
4:23 of 1st period - Wrist shot by Trevor Moore.
4:23 of 1st period - Stopped by Petr Mrazek without a rebound.
4:24 of 1st period - Jason Dickinson wins face-off versus Ross Colton in Arizona Coyotes zone.
4:39 of 1st period - Trevor Moore is hit by Ross Colton and loses puck.
4:50 of 1st period - TJ Brodie is hit by Charlie Coyle and loses puck.
5:18 of 1st period - Wrist shot by Anze Kopitar.
5:18 of 1st period - Stopped by Petr Mrazek with a rebound.
5:20 of 1st period - Slapshot by Hampus Lindholm.
5:20 of 1st period - Shot Blocked by Jani Hakanpaa.
6:02 of 1st period - Brandon Tanev is hit by TJ Brodie and loses puck.
6:59 of 1st period - Snap shot by Gustav Nyquist.
6:59 of 1st period - Deflect By Alexander Kerfoot.
6:59 of 1st period - Stopped by Petr Mrazek with a rebound.
7:39 of 1st period - Minor Penalty to Jayden Struble for Tripping.
7:40 of 1st period - Roope Hintz wins face-off versus Mats Zuccarello in Arizona Coyotes zone.
7:51 of 1st period - Snap shot by Mason McTavish.
7:51 of 1st period - Stopped by Jeremy Swayman without a rebound.
7:51 of 1st period - Minor Penalty to Jeremy Swayman for Slashing.
7:52 of 1st period - Anze Kopitar wins face-off versus Charlie Coyle in Tampa Bay Lightning zone.
8:06 of 1st period - Wrist shot by Tyler Seguin.
8:06 of 1st period - Shot Misses the Net.
8:08 of 1st period - Snap shot by Jani Hakanpaa.
8:08 of 1st period - Shot Blocked by Brent Burns.
9:39 of 1st period - Penalty to Jayden Struble is over, Jayden Struble is back on ice.
9:51 of 1st period - Penalty to Moritz Seider is over, Moritz Seider is back on ice.
10:30 of 1st period - Wrist shot by Alexander Kerfoot.
10:30 of 1st period - Shot Misses the Net.
10:41 of 1st period - Icing by Johnathan Kovacevic.
10:42 of 1st period - Anze Kopitar wins face-off versus Erik Haula in Arizona Coyotes zone.
10:52 of 1st period - Minor Penalty to Jayden Struble for Holding.
10:53 of 1st period - Charlie Coyle wins face-off versus Anze Kopitar in Arizona Coyotes zone.
11:08 of 1st period - Wrist shot by Kirill Kaprizov.
11:08 of 1st period - Shot Misses the Net.
11:24 of 1st period - Snap shot by Roope Hintz.
11:24 of 1st period - Shot Blocked by Radko Gudas.
12:16 of 1st period - Icing by Roope Hintz.
12:17 of 1st period - Charlie Coyle wins face-off versus Roope Hintz in Tampa Bay Lightning zone.
12:52 of 1st period - Penalty to Jayden Struble is over, Jayden Struble is back on ice.
13:09 of 1st period - Slapshot by Mason McTavish.
13:09 of 1st period - Shot Blocked by Michael Matheson.
13:17 of 1st period - Icing by Dylan Cozens.
13:18 of 1st period - Erik Haula wins face-off versus Jason Dickinson in Tampa Bay Lightning zone.
13:19 of 1st period - Snap shot by Tyler Seguin.
13:19 of 1st period - Shot Misses the Net.
13:33 of 1st period - Dylan Cozens is hit by Erik Haula and loses puck.
13:50 of 1st period - Snap shot by Travis Konecny.
13:50 of 1st period - Shot Misses the Net.
13:52 of 1st period - Backhand shot by Johnny Gaudreau.
13:52 of 1st period - Deflect By Roope Hintz.
13:52 of 1st period - Shot Misses the Net.
13:52 of 1st period - Puck is out of play.
13:53 of 1st period - Ross Colton wins face-off versus Roope Hintz in Arizona Coyotes zone.
14:01 of 1st period - Minor Penalty to Ryan Donato for Roughing.
14:02 of 1st period - Tyler Seguin wins face-off versus Gustav Nyquist in Arizona Coyotes zone.
16:01 of 1st period - Penalty to Ryan Donato is over, Ryan Donato is back on ice.
16:41 of 1st period - Snap shot by Ryan Donato.
16:41 of 1st period - Shot Blocked by Michael Matheson.
17:02 of 1st period - Snap shot by Anze Kopitar.
17:02 of 1st period - Shot Misses the Net.
17:04 of 1st period - Backhand shot by Michael Matheson.
17:04 of 1st period - Deflect By Kirill Kaprizov.
17:04 of 1st period - Shot Misses the Net.
17:04 of 1st period - Puck is out of play.
17:05 of 1st period - Alexander Kerfoot wins face-off versus Charlie Coyle in Arizona Coyotes zone.
17:08 of 1st period - Snap shot by Alexander Kerfoot.
17:08 of 1st period - Shot Blocked by Matt Dumba.
17:10 of 1st period - Slapshot by Jack Roslovic.
17:10 of 1st period - Deflect By Mats Zuccarello.
17:10 of 1st period - Shot Misses the Net.
17:10 of 1st period - Puck is out of play.
17:11 of 1st period - Alexander Kerfoot wins face-off versus Mason McTavish in Arizona Coyotes zone.
17:18 of 1st period - Slapshot by Gustav Nyquist.
17:18 of 1st period - Stopped by Petr Mrazek with a rebound.
17:24 of 1st period - Wrist shot by Gustav Nyquist.
17:24 of 1st period - Stopped by Petr Mrazek with a rebound.
17:26 of 1st period - Snap shot by Jack Roslovic.
17:26 of 1st period - Shot Blocked by Mats Zuccarello.
18:44 of 1st period - Radko Gudas is hit by Jack Roslovic.
18:54 of 1st period - Wrist shot by Tyler Seguin.
18:54 of 1st period - Stopped by Jeremy Swayman without a rebound.
18:55 of 1st period - Roope Hintz wins face-off versus Erik Haula in Tampa Bay Lightning zone.
19:26 of 1st period - Jason Dickinson is hit by Mats Zuccarello.
Goals for this period are 0 for Tampa Bay Lightning vs 0 for Arizona Coyotes.
Shots for this period are 8 for Tampa Bay Lightning vs 3 for Arizona Coyotes.
2nd period
0:01 of 2nd period - Charlie Coyle wins face-off versus Anze Kopitar in neutral zone.
0:04 of 2nd period - Wrist shot by Mats Zuccarello.
0:04 of 2nd period - Stopped by Jeremy Swayman with a rebound.
0:12 of 2nd period - Snap shot by Mats Zuccarello.
0:12 of 2nd period - Shot Misses the Net.
0:22 of 2nd period - Minor Penalty to Mats Zuccarello for Roughing.
0:23 of 2nd period - Charlie Coyle wins face-off versus Roope Hintz in Arizona Coyotes zone.
1:58 of 2nd period - Johnny Gaudreau is hit by Brandon Tanev.
2:22 of 2nd period - Penalty to Mats Zuccarello is over, Mats Zuccarello is back on ice.
2:31 of 2nd period - Wrist shot by Jason Dickinson.
2:31 of 2nd period - Stopped by Petr Mrazek with a rebound.
2:33 of 2nd period - Snap shot by Moritz Seider.
2:33 of 2nd period - Deflect By Dylan Cozens.
2:33 of 2nd period - Stopped by Petr Mrazek with a rebound.
2:35 of 2nd period - Slapshot by Moritz Seider.
2:35 of 2nd period - Shot Blocked by Matt Dumba.
2:37 of 2nd period - Backhand shot by Dylan Cozens.
2:37 of 2nd period - Shot Misses the Net.
2:39 of 2nd period - Wrist shot by Trevor Moore.
2:39 of 2nd period - Stopped by Petr Mrazek without a rebound.
2:40 of 2nd period - Ross Colton wins face-off versus Anze Kopitar in Arizona Coyotes zone.
3:42 of 2nd period - Radko Gudas is hit by Anze Kopitar and loses puck.
4:11 of 2nd period - Wrist shot by Johnny Gaudreau.
4:11 of 2nd period - Deflect By Travis Konecny.
4:11 of 2nd period - Stopped by Petr Mrazek with a rebound.
4:13 of 2nd period - Slapshot by Johnny Gaudreau.
4:13 of 2nd period - Shot Blocked by Ryan Donato.
4:30 of 2nd period - Wrist shot by Ondrej Palat.
4:30 of 2nd period - Stopped by Jeremy Swayman with a rebound.
4:51 of 2nd period - Tyler Seguin is hit by Dylan Cozens.
5:20 of 2nd period - Wrist shot by Dylan Cozens.
5:20 of 2nd period - Stopped by Petr Mrazek without a rebound.
5:21 of 2nd period - Anze Kopitar wins face-off versus Erik Haula in Arizona Coyotes zone.
5:30 of 2nd period - Slapshot by Tyler Seguin.
5:30 of 2nd period - Shot Misses the Net.
5:36 of 2nd period - Slapshot by Tyler Seguin.
5:36 of 2nd period - Goal by Tyler Seguin - Tampa Bay Lightning : 0 - Arizona Coyotes : 1.
5:37 of 2nd period - Anze Kopitar wins face-off versus Mason McTavish in neutral zone.
5:44 of 2nd period - Wrist shot by Anze Kopitar.
5:44 of 2nd period - Stopped by Petr Mrazek with a rebound.
6:06 of 2nd period - Snap shot by Johnny Gaudreau.
6:06 of 2nd period - Goal by Johnny Gaudreau - Tampa Bay Lightning : 1 - Arizona Coyotes : 1.
6:07 of 2nd period - Anze Kopitar wins face-off versus Erik Haula in neutral zone.
6:12 of 2nd period - Snap shot by Kirill Kaprizov.
6:12 of 2nd period - Stopped by Petr Mrazek with a rebound.
6:14 of 2nd period - Wrist shot by Kirill Kaprizov.
6:14 of 2nd period - Deflect By Jonathan Huberdeau.
6:14 of 2nd period - Stopped by Petr Mrazek without a rebound.
6:15 of 2nd period - Anze Kopitar wins face-off versus Erik Haula in Arizona Coyotes zone.
6:34 of 2nd period - Wrist shot by Anze Kopitar.
6:34 of 2nd period - Shot Misses the Net.
6:36 of 2nd period - Snap shot by Anze Kopitar.
6:36 of 2nd period - Stopped by Petr Mrazek with a rebound.
6:38 of 2nd period - Wrist shot by Kirill Kaprizov.
6:38 of 2nd period - Stopped by Petr Mrazek without a rebound.
6:39 of 2nd period - Charlie Coyle wins face-off versus Roope Hintz in Arizona Coyotes zone.
6:39 of 2nd period - Charlie Coyle is hit by Roope Hintz.
6:49 of 2nd period - Wrist shot by Mats Zuccarello.
6:49 of 2nd period - Shot Hit the Post.
6:51 of 2nd period - Snap shot by Mason McTavish.
6:51 of 2nd period - Deflect By Michael Matheson.
6:51 of 2nd period - Shot Blocked by Johnny Gaudreau.
6:51 of 2nd period - Puck is out of play.
6:52 of 2nd period - Anze Kopitar wins face-off versus Charlie Coyle in Tampa Bay Lightning zone.
6:59 of 2nd period - Wrist shot by Anze Kopitar.
6:59 of 2nd period - Stopped by Petr Mrazek without a rebound.
7:00 of 2nd period - Anze Kopitar wins face-off versus Charlie Coyle in Arizona Coyotes zone.
7:21 of 2nd period - Snap shot by Anze Kopitar.
7:21 of 2nd period - Stopped by Petr Mrazek with a rebound.
7:43 of 2nd period - Snap shot by Mats Zuccarello.
7:43 of 2nd period - Shot Misses the Net.
7:45 of 2nd period - Snap shot by Mats Zuccarello.
7:45 of 2nd period - Goal by Mats Zuccarello - Tampa Bay Lightning : 1 - Arizona Coyotes : 2.
7:46 of 2nd period - Roope Hintz wins face-off versus Erik Haula in neutral zone.
8:22 of 2nd period - Snap shot by Tyler Seguin.
8:22 of 2nd period - Stopped by Jeremy Swayman without a rebound.
8:23 of 2nd period - Charlie Coyle wins face-off versus Roope Hintz in Tampa Bay Lightning zone.
8:32 of 2nd period - Snap shot by Mats Zuccarello.
8:32 of 2nd period - Shot Misses the Net.
8:34 of 2nd period - Snap shot by Charlie Coyle.
8:34 of 2nd period - Stopped by Jeremy Swayman without a rebound.
8:35 of 2nd period - Charlie Coyle wins face-off versus Roope Hintz in Tampa Bay Lightning zone.
8:40 of 2nd period - Snap shot by Mason McTavish.
8:40 of 2nd period - Stopped by Jeremy Swayman without a rebound.
8:41 of 2nd period - Charlie Coyle wins face-off versus Roope Hintz in Tampa Bay Lightning zone.
9:36 of 2nd period - Snap shot by Mark Jankowski.
9:36 of 2nd period - Stopped by Jeremy Swayman with a rebound.
9:38 of 2nd period - Wrist shot by Jakob Silfverberg.
9:38 of 2nd period - Shot Blocked by Michael Matheson.
9:40 of 2nd period - Snap shot by Mark Jankowski.
9:40 of 2nd period - Goal by Mark Jankowski - Tampa Bay Lightning : 1 - Arizona Coyotes : 3.
9:41 of 2nd period - Anze Kopitar wins face-off versus Erik Haula in neutral zone.
10:08 of 2nd period - Darnell Nurse is hit by Charlie Coyle and loses puck.
10:27 of 2nd period - Wrist shot by Ross Colton.
10:27 of 2nd period - Shot Misses the Net.
10:29 of 2nd period - Backhand shot by Ross Colton.
10:29 of 2nd period - Shot Misses the Net.
10:31 of 2nd period - Snap shot by Ryan Donato.
10:31 of 2nd period - Shot Misses the Net.
10:33 of 2nd period - Slapshot by Radko Gudas.
10:33 of 2nd period - Shot Misses the Net.
10:35 of 2nd period - Snap shot by Brandon Tanev.
10:35 of 2nd period - Shot Misses the Net.
10:37 of 2nd period - Slapshot by Jani Hakanpaa.
10:37 of 2nd period - Deflect By Ryan Donato.
10:37 of 2nd period - Shot Misses the Net.
10:37 of 2nd period - Puck is out of play.
10:38 of 2nd period - Erik Haula wins face-off versus Jonathan Huberdeau in Tampa Bay Lightning zone.
10:45 of 2nd period - Slapshot by Erik Haula.
10:45 of 2nd period - Stopped by Jeremy Swayman without a rebound.
10:46 of 2nd period - Erik Haula wins face-off versus Anze Kopitar in Tampa Bay Lightning zone.
10:49 of 2nd period - Slapshot by Erik Haula.
10:49 of 2nd period - Shot Hit the Post.
10:57 of 2nd period - Snap shot by Anze Kopitar.
10:57 of 2nd period - Shot Misses the Net.
10:59 of 2nd period - Snap shot by Darnell Nurse.
10:59 of 2nd period - Shot Blocked by Erik Haula.
11:01 of 2nd period - Slapshot by Michael Matheson.
11:01 of 2nd period - Stopped by Petr Mrazek without a rebound.
11:02 of 2nd period - Charlie Coyle wins face-off versus Roope Hintz in Arizona Coyotes zone.
11:05 of 2nd period - Snap shot by Roope Hintz.
11:05 of 2nd period - Stopped by Petr Mrazek without a rebound.
11:06 of 2nd period - Charlie Coyle wins face-off versus Travis Konecny in Arizona Coyotes zone.
11:35 of 2nd period - Wrist shot by Jonathan Huberdeau.
11:35 of 2nd period - Deflect By Kirill Kaprizov.
11:35 of 2nd period - Stopped by Petr Mrazek with a rebound.
11:37 of 2nd period - Wrist shot by Anze Kopitar.
11:37 of 2nd period - Shot Misses the Net.
11:39 of 2nd period - Slapshot by Moritz Seider.
11:39 of 2nd period - Shot Misses the Net.
11:43 of 2nd period - Snap shot by Anze Kopitar.
11:43 of 2nd period - Stopped by Petr Mrazek without a rebound.
11:44 of 2nd period - Roope Hintz wins face-off versus Ross Colton in Arizona Coyotes zone.
11:47 of 2nd period - Wrist shot by Johnny Gaudreau.
11:47 of 2nd period - Shot Blocked by Jani Hakanpaa.
11:59 of 2nd period - Wrist shot by Ryan Donato.
11:59 of 2nd period - Shot Misses the Net.
12:44 of 2nd period - Wrist shot by Roope Hintz.
12:44 of 2nd period - Shot Blocked by Mason McTavish.
12:46 of 2nd period - Snap shot by Hampus Lindholm.
12:46 of 2nd period - Shot Blocked by Mats Zuccarello.
12:48 of 2nd period - Slapshot by Moritz Seider.
12:48 of 2nd period - Deflect By Johnny Gaudreau.
12:48 of 2nd period - Goal by Johnny Gaudreau - Tampa Bay Lightning : 2 - Arizona Coyotes : 3.
12:49 of 2nd period - Erik Haula wins face-off versus Anze Kopitar in neutral zone.
12:54 of 2nd period - Snap shot by Tyler Seguin.
12:54 of 2nd period - Stopped by Jeremy Swayman with a rebound.
12:56 of 2nd period - Slapshot by Matt Dumba.
12:56 of 2nd period - Shot Blocked by Michael Matheson.
12:58 of 2nd period - Slapshot by Matt Dumba.
12:58 of 2nd period - Deflect By Michael Matheson.
12:58 of 2nd period - Stopped by Jeremy Swayman without a rebound.
12:59 of 2nd period - Erik Haula wins face-off versus Anze Kopitar in Tampa Bay Lightning zone.
13:02 of 2nd period - Wrist shot by Tyler Seguin.
13:02 of 2nd period - Stopped by Jeremy Swayman without a rebound.
13:03 of 2nd period - Erik Haula wins face-off versus Jonathan Huberdeau in Tampa Bay Lightning zone.
13:16 of 2nd period - Slapshot by Erik Haula.
13:16 of 2nd period - Stopped by Jeremy Swayman with a rebound.
13:26 of 2nd period - Minor Penalty to Matt Dumba for Cross-checking.
13:27 of 2nd period - Roope Hintz wins face-off versus Charlie Coyle in Arizona Coyotes zone.
14:00 of 2nd period - Backhand shot by Charlie Coyle.
14:00 of 2nd period - Stopped by Jeremy Swayman without a rebound.
14:01 of 2nd period - Charlie Coyle wins face-off versus Anze Kopitar in Tampa Bay Lightning zone.
15:20 of 2nd period - Snap shot by Anze Kopitar.
15:20 of 2nd period - Stopped by Petr Mrazek with a rebound.
15:22 of 2nd period - Backhand shot by Michael Matheson.
15:22 of 2nd period - Goal by Michael Matheson - Tampa Bay Lightning : 3 - Arizona Coyotes : 3.
15:23 of 2nd period - Ross Colton wins face-off versus Alexander Kerfoot in neutral zone.
15:30 of 2nd period - Slapshot by Ross Colton.
15:30 of 2nd period - Stopped by Jeremy Swayman without a rebound.
15:31 of 2nd period - Ross Colton wins face-off versus Gustav Nyquist in Tampa Bay Lightning zone.
15:40 of 2nd period - Slapshot by Michael Matheson.
15:40 of 2nd period - Deflect By Jack Roslovic.
15:40 of 2nd period - Stopped by Petr Mrazek with a rebound.
16:15 of 2nd period - Icing by Trevor Moore.
16:16 of 2nd period - Charlie Coyle wins face-off versus Roope Hintz in Tampa Bay Lightning zone.
16:27 of 2nd period - Wrist shot by Charlie Coyle.
16:27 of 2nd period - Shot Blocked by Michael Matheson.
17:09 of 2nd period - Wrist shot by Ryan Donato.
17:09 of 2nd period - Shot Blocked by Hampus Lindholm.
17:15 of 2nd period - Wrist shot by Brandon Tanev.
17:15 of 2nd period - Shot Misses the Net.
17:17 of 2nd period - Slapshot by Radko Gudas.
17:17 of 2nd period - Shot Blocked by Moritz Seider.
17:34 of 2nd period - Moritz Seider is hit by Johnathan Kovacevic and loses puck.
17:59 of 2nd period - Wrist shot by Johnny Gaudreau.
17:59 of 2nd period - Deflect By Roope Hintz.
17:59 of 2nd period - Stopped by Petr Mrazek with a rebound.
18:17 of 2nd period - Wrist shot by Zach Parise.
18:17 of 2nd period - Stopped by Jeremy Swayman with a rebound.
18:40 of 2nd period - Brandon Tanev is hit by Moritz Seider and loses puck.
18:52 of 2nd period - Off-side.
18:53 of 2nd period - Mark Jankowski wins face-off versus Jason Dickinson in neutral zone.
Goals for this period are 3 for Tampa Bay Lightning vs 3 for Arizona Coyotes.
Shots for this period are 22 for Tampa Bay Lightning vs 17 for Arizona Coyotes.
3rd period
0:01 of 3rd period - Anze Kopitar wins face-off versus Charlie Coyle in neutral zone.
0:03 of 3rd period - Hampus Lindholm is hit by Radko Gudas and loses puck.
0:15 of 3rd period - Minor Penalty to Radko Gudas for Interference.
0:16 of 3rd period - Roope Hintz wins face-off versus Mats Zuccarello in Arizona Coyotes zone.
0:28 of 3rd period - Snap shot by Johnny Gaudreau.
0:28 of 3rd period - Shot Misses the Net.
0:30 of 3rd period - Snap shot by Gustav Nyquist.
0:30 of 3rd period - Shot Blocked by Johnathan Kovacevic.
0:32 of 3rd period - Snap shot by Johnny Gaudreau.
0:32 of 3rd period - Stopped by Petr Mrazek with a rebound.
0:46 of 3rd period - Snap shot by Anze Kopitar.
0:46 of 3rd period - Stopped by Petr Mrazek with a rebound.
2:15 of 3rd period - Penalty to Radko Gudas is over, Radko Gudas is back on ice.
2:16 of 3rd period - Off-side.
2:17 of 3rd period - Jason Dickinson wins face-off versus Ross Colton in neutral zone.
2:26 of 3rd period - Slapshot by Dylan Cozens.
2:26 of 3rd period - Shot Blocked by Matt Dumba.
2:32 of 3rd period - TJ Brodie is hit by Ross Colton and loses puck.
2:44 of 3rd period - Minor Penalty to Radko Gudas for Holding.
2:45 of 3rd period - Mats Zuccarello wins face-off versus Roope Hintz in Arizona Coyotes zone.
2:54 of 3rd period - Slapshot by Michael Matheson.
2:54 of 3rd period - Stopped by Petr Mrazek without a rebound.
2:55 of 3rd period - Charlie Coyle wins face-off versus Roope Hintz in Arizona Coyotes zone.
3:57 of 3rd period - Slapshot by Michael Matheson.
3:57 of 3rd period - Shot Blocked by Jani Hakanpaa.
3:59 of 3rd period - Snap shot by Moritz Seider.
3:59 of 3rd period - Stopped by Petr Mrazek with a rebound.
4:01 of 3rd period - Slapshot by Moritz Seider.
4:01 of 3rd period - Shot Blocked by Mason McTavish.
4:44 of 3rd period - Penalty to Radko Gudas is over, Radko Gudas is back on ice.
5:27 of 3rd period - Darnell Nurse is hit by Jayden Struble and loses puck.
5:40 of 3rd period - Wrist shot by Jason Dickinson.
5:40 of 3rd period - Shot Misses the Net.
6:12 of 3rd period - Alexander Kerfoot is hit by Zach Parise and loses puck.
6:45 of 3rd period - Jonathan Huberdeau is hit by Ross Colton and loses puck.
7:21 of 3rd period - TJ Brodie is hit by Radko Gudas and loses puck.
8:23 of 3rd period - Jakob Silfverberg is hit by TJ Brodie and loses puck.
8:30 of 3rd period - Brent Burns is hit by Mark Jankowski and loses puck.
8:40 of 3rd period - Icing by Brayden McNabb.
8:41 of 3rd period - Charlie Coyle wins face-off versus Alexander Kerfoot in Arizona Coyotes zone.
8:57 of 3rd period - Mason McTavish is hit by Gustav Nyquist and loses puck.
9:18 of 3rd period - Trevor Moore is hit by Charlie Coyle and loses puck.
9:39 of 3rd period - Slapshot by Erik Haula.
9:39 of 3rd period - Stopped by Jeremy Swayman with a rebound.
9:41 of 3rd period - Slapshot by Matt Dumba.
9:41 of 3rd period - Stopped by Jeremy Swayman with a rebound.
9:43 of 3rd period - Slapshot by Erik Haula.
9:43 of 3rd period - Shot Blocked by Michael Matheson.
9:45 of 3rd period - Snap shot by Erik Haula.
9:45 of 3rd period - Stopped by Jeremy Swayman without a rebound.
9:46 of 3rd period - Erik Haula wins face-off versus Anze Kopitar in Tampa Bay Lightning zone.
10:02 of 3rd period - Anze Kopitar is hit by Radko Gudas and loses puck.
10:13 of 3rd period - Jani Hakanpaa is hit by TJ Brodie.
10:39 of 3rd period - Alexander Kerfoot is hit by Ondrej Palat and loses puck.
10:46 of 3rd period - Radko Gudas is hit by Alexander Kerfoot and loses puck.
10:57 of 3rd period - Snap shot by Radko Gudas.
10:57 of 3rd period - Stopped by Jeremy Swayman without a rebound.
10:58 of 3rd period - Jason Dickinson wins face-off versus Erik Haula in Tampa Bay Lightning zone.
12:12 of 3rd period - Snap shot by Roope Hintz.
12:12 of 3rd period - Shot Misses the Net.
12:14 of 3rd period - Slapshot by Michael Matheson.
12:14 of 3rd period - Stopped by Petr Mrazek with a rebound.
12:16 of 3rd period - Snap shot by Michael Matheson.
12:16 of 3rd period - Shot Blocked by Erik Haula.
12:18 of 3rd period - Snap shot by Travis Konecny.
12:18 of 3rd period - Stopped by Petr Mrazek without a rebound.
12:19 of 3rd period - Charlie Coyle wins face-off versus Anze Kopitar in Arizona Coyotes zone.
13:09 of 3rd period - Slapshot by Ross Colton.
13:09 of 3rd period - Stopped by Jeremy Swayman without a rebound.
13:10 of 3rd period - Ross Colton wins face-off versus Jason Dickinson in Tampa Bay Lightning zone.
13:17 of 3rd period - Slapshot by Brandon Tanev.
13:17 of 3rd period - Shot Misses the Net.
13:35 of 3rd period - Mason McTavish is hit by Moritz Seider and loses puck.
14:20 of 3rd period - Slapshot by Matt Dumba.
14:20 of 3rd period - Shot Misses the Net.
14:28 of 3rd period - Snap shot by Jack Roslovic.
14:28 of 3rd period - Stopped by Petr Mrazek with a rebound.
14:30 of 3rd period - Wrist shot by Alexander Kerfoot.
14:30 of 3rd period - Stopped by Petr Mrazek with a rebound.
14:40 of 3rd period - Matt Dumba is hit by Jason Dickinson.
14:46 of 3rd period - Slapshot by Jakob Silfverberg.
14:46 of 3rd period - Stopped by Jeremy Swayman with a rebound.
14:48 of 3rd period - Wrist shot by Mark Jankowski.
14:48 of 3rd period - Shot Misses the Net.
14:50 of 3rd period - Slapshot by Radko Gudas.
14:50 of 3rd period - Stopped by Jeremy Swayman with a rebound.
15:02 of 3rd period - Snap shot by Anze Kopitar.
15:02 of 3rd period - Stopped by Petr Mrazek without a rebound.
15:03 of 3rd period - Charlie Coyle wins face-off versus Anze Kopitar in Arizona Coyotes zone.
15:03 of 3rd period - Charlie Coyle is hit by Kirill Kaprizov.
15:19 of 3rd period - Wrist shot by Mats Zuccarello.
15:19 of 3rd period - Shot Misses the Net.
15:27 of 3rd period - Kirill Kaprizov is hit by Mats Zuccarello and loses puck.
15:36 of 3rd period - Backhand shot by Kirill Kaprizov.
15:36 of 3rd period - Shot Blocked by Mats Zuccarello.
15:38 of 3rd period - Wrist shot by Kirill Kaprizov.
15:38 of 3rd period - Shot Blocked by Jani Hakanpaa.
15:48 of 3rd period - Wrist shot by Mason McTavish.
15:48 of 3rd period - Shot Blocked by Michael Matheson.
15:53 of 3rd period - Off-side.
15:54 of 3rd period - Ross Colton wins face-off versus Travis Konecny in neutral zone.
16:00 of 3rd period - Brayden McNabb and Hampus Lindholm fight to a draw.
16:00 of 3rd period - Penalty to Brayden McNabb for Fighting.
16:00 of 3rd period - Penalty to Hampus Lindholm for Fighting.
16:01 of 3rd period - Ross Colton wins face-off versus Anze Kopitar in Tampa Bay Lightning zone.
16:02 of 3rd period - Wrist shot by Ryan Donato.
16:02 of 3rd period - Stopped by Jeremy Swayman with a rebound.
16:33 of 3rd period - Wrist shot by Travis Konecny.
16:33 of 3rd period - Stopped by Petr Mrazek with a rebound.
16:35 of 3rd period - Wrist shot by Johnny Gaudreau.
16:35 of 3rd period - Stopped by Petr Mrazek with a rebound.
17:13 of 3rd period - Wrist shot by Anze Kopitar.
17:13 of 3rd period - Stopped by Petr Mrazek without a rebound.
17:14 of 3rd period - Ross Colton wins face-off versus Anze Kopitar in Arizona Coyotes zone.
17:53 of 3rd period - Slapshot by Travis Konecny.
17:53 of 3rd period - Stopped by Petr Mrazek without a rebound.
17:54 of 3rd period - Anze Kopitar wins face-off versus Ross Colton in Arizona Coyotes zone.
18:07 of 3rd period - Snap shot by Ross Colton.
18:07 of 3rd period - Stopped by Jeremy Swayman with a rebound.
18:09 of 3rd period - Backhand shot by Brandon Tanev.
18:09 of 3rd period - Shot Blocked by Darnell Nurse.
18:24 of 3rd period - Mason McTavish is hit by Travis Konecny and loses puck.
18:31 of 3rd period - Backhand shot by Roope Hintz.
18:31 of 3rd period - Stopped by Petr Mrazek without a rebound.
18:32 of 3rd period - Ross Colton wins face-off versus Jonathan Huberdeau in Arizona Coyotes zone.
Goals for this period are 0 for Tampa Bay Lightning vs 0 for Arizona Coyotes.
Shots for this period are 14 for Tampa Bay Lightning vs 9 for Arizona Coyotes.
Overtime #1
0:01 of 1st overtime period - Mats Zuccarello wins face-off versus Dylan Cozens in neutral zone.
0:06 of 1st overtime period - Travis Konecny is hit by Mason McTavish and loses puck.
0:11 of 1st overtime period - Slapshot by Mason McTavish.
0:11 of 1st overtime period - Deflect By Michael Matheson.
0:11 of 1st overtime period - Shot Blocked by Travis Konecny.
0:11 of 1st overtime period - Puck is out of play.
0:12 of 1st overtime period - Anze Kopitar wins face-off versus Charlie Coyle in Tampa Bay Lightning zone.
0:15 of 1st overtime period - Snap shot by Charlie Coyle.
0:15 of 1st overtime period - Stopped by Jeremy Swayman without a rebound.
0:16 of 1st overtime period - Charlie Coyle wins face-off versus Anze Kopitar in Tampa Bay Lightning zone.
0:43 of 1st overtime period - Slapshot by Dylan Cozens.
0:43 of 1st overtime period - Shot Misses the Net.
1:00 of 1st overtime period - Penalty to Brayden McNabb is over, Brayden McNabb is back on ice.
1:00 of 1st overtime period - Penalty to Hampus Lindholm is over, Hampus Lindholm is back on ice.
1:04 of 1st overtime period - Off-side.
1:05 of 1st overtime period - Mats Zuccarello wins face-off versus Dylan Cozens in neutral zone.
1:10 of 1st overtime period - Slapshot by Mason McTavish.
1:10 of 1st overtime period - Shot Misses the Net.
1:12 of 1st overtime period - Slapshot by Matt Dumba.
1:12 of 1st overtime period - Deflect By Mason McTavish.
1:12 of 1st overtime period - Shot Misses the Net.
1:12 of 1st overtime period - Puck is out of play.
1:13 of 1st overtime period - Mats Zuccarello wins face-off versus Dylan Cozens in Tampa Bay Lightning zone.
1:14 of 1st overtime period - Snap shot by Mason McTavish.
1:14 of 1st overtime period - Stopped by Jeremy Swayman without a rebound.
1:15 of 1st overtime period - Mats Zuccarello wins face-off versus Dylan Cozens in Tampa Bay Lightning zone.
1:46 of 1st overtime period - Wrist shot by Dylan Cozens.
1:46 of 1st overtime period - Shot Blocked by Johnathan Kovacevic.
2:00 of 1st overtime period - Snap shot by Mats Zuccarello.
2:00 of 1st overtime period - Stopped by Jeremy Swayman with a rebound.
2:22 of 1st overtime period - Slapshot by Moritz Seider.
2:22 of 1st overtime period - Shot Misses the Net.
2:28 of 1st overtime period - Mason McTavish is hit by Travis Konecny and loses puck.
3:16 of 1st overtime period - Snap shot by Mason McTavish.
3:16 of 1st overtime period - Deflect By Dylan Cozens.
3:16 of 1st overtime period - Shot Misses the Net.
3:16 of 1st overtime period - Puck is out of play.
3:17 of 1st overtime period - Anze Kopitar wins face-off versus Charlie Coyle in Tampa Bay Lightning zone.
4:04 of 1st overtime period - Trevor Moore is hit by Ryan Donato and loses puck.
Goals for this period are 0 for Tampa Bay Lightning vs 0 for Arizona Coyotes.
Shots for this period are 0 for Tampa Bay Lightning vs 3 for Arizona Coyotes.
ShootOut
5:00 of 1st overtime period - Round #1.
5:00 of 1st overtime period - Tampa Bay Lightning, Trevor Moore.
5:00 of 1st overtime period - Deke by Trevor Moore.
5:00 of 1st overtime period - Stopped by Petr Mrazek.
5:00 of 1st overtime period - Arizona Coyotes, Charlie Coyle.
5:00 of 1st overtime period - Snap shot by Charlie Coyle.
5:00 of 1st overtime period - Stopped by Jeremy Swayman.
5:00 of 1st overtime period - Round #2.
5:00 of 1st overtime period - Tampa Bay Lightning, Gustav Nyquist.
5:00 of 1st overtime period - Wrist shot by Gustav Nyquist.
5:00 of 1st overtime period - Shot Misses the Net.
5:00 of 1st overtime period - Arizona Coyotes, Tyler Seguin.
5:00 of 1st overtime period - Wrist shot by Tyler Seguin.
5:00 of 1st overtime period - Goal by Tyler Seguin.
5:00 of 1st overtime period - Round #3.
5:00 of 1st overtime period - Tampa Bay Lightning, Alexander Kerfoot.
5:00 of 1st overtime period - Deke by Alexander Kerfoot.
5:00 of 1st overtime period - Goal by Alexander Kerfoot.
5:00 of 1st overtime period - Arizona Coyotes, Mats Zuccarello.
5:00 of 1st overtime period - Wrist shot by Mats Zuccarello.
5:00 of 1st overtime period - Goal by Mats Zuccarello.
Back to the Top